Map: Lerilak Crest

Players

Javert - Winner!

  • Race: Zerg Zerg
  • League: Gold

BlacKHolE

  • Race: Protoss Protoss
  • League: Gold

VOD

Have the link to the VOD?

Description

Time

  • Played on: Sept. 28, 2015, 10:24 p.m.
  • Length: 11:14
Show
View Real Time Build Order
Export as new Build Order

Javert Zerg - Winner!

Build Orders: Hatch First 

Get SALT Encoding   

  12  0:01  Drone  
  13  0:13  Overlord  
  13  0:20  Drone  
  14  0:32  Drone x2  
  16  0:36  Drone  
  17  0:45  Drone  
  18  1:01  Hatchery, Drone  
  18  1:03  Extractor  
  17  1:08  Drone  
  18  1:22  Spawning Pool  
  17  1:27  Drone  
  17  1:29  Drone  
  19  1:39  Drone  
  20  1:53  Drone  
  21  2:09  Metabolic Boost  
  21  2:12  Queen  
  21  2:13  Queen  
  21  2:14  Zergling x6  
  28  2:47  Overlord  
  28  3:02  Roach Warren  
  28  3:04  Overlord  
  28  3:05  Queen  
  27  3:07  Drone x5  
  32  3:22  Drone x2  
  34  3:32  Drone x4  
  34  3:33  Drone  
  39  3:34  Drone x4  
  42  3:59  Zergling x2  
  42  4:01  Overlord x3  
  43  4:07  Hatchery  
  43  4:08  Spore Crawler  
  41  4:11  Spore Crawler  
  38  4:42  Zergling x8  
  41  4:47  Drone x8  
  49  4:54  Overlord  
  49  4:57  Lair  
  47  5:00  Extractor  
  47  5:04  Evolution Chamber  
  47  5:06  Evolution Chamber  
  44  5:16  Drone x6, Extractor  
  44  5:18  Extractor  
  48  5:27  Overlord x2  
  48  5:30  Zerg Missile Weapons Level 1  
  48  5:33  Zerg Ground Armor Level 1  
  48  5:36  Drone x2  
  48  5:40  Overlord  
  46  5:54  Drone  
  46  5:55  Drone x8  
  55  6:01  Spore Crawler  
  52  6:21  Hydralisk Den  
  49  6:27  Roach x5  
  49  6:28  Roach x5  
  67  6:37  Drone x3  
  67  6:38  Glial Reconstitution  
  70  6:56  Hydralisk x3, Extractor  
  70  6:58  Extractor  
  74  7:07  Drone  
  74  7:08  Drone x8  
  80  7:10  Overlord  
  83  7:23  Muscular Augments  
  80  7:30  Hydralisk x3  
  86  7:39  Overlord  
  86  7:46  Drone x11  
  86  7:47  Drone x5  
  102  7:55  Drone x3  
  102  7:57  Zerg Missile Weapons Level 2  
  105  8:05  Overlord  
  105  8:11  Overlord  
  105  8:14  Zerg Ground Armor Level 2  
  105  8:17  Roach  
  105  8:19  Zergling x2  
  108  8:20  Zergling x12  
  108  8:26  Lurker Den  
  114  8:27  Overlord  
  114  8:29  Zergling x2  
  114  8:30  Zergling x10  
  114  8:33  Overlord  
  114  8:34  Hatchery  
  119  8:37  Spine Crawler  
  119  8:38  Spine Crawler  
  117  8:46  Spine Crawler  
  116  8:49  Roach  
  116  8:50  Roach x5  
  128  9:00  Drone x2  
  128  9:01  Drone x4  
  106  9:41  Roach  
  106  9:42  Roach x20  
  148  9:45  Overlord  
  148  10:05  Roach  
  148  10:06  Roach x6  
  158  10:21  Overseer  
  154  10:46  Overlord  
  154  10:57  Infestation Pit  
  154  11:03  Extractor  
  154  11:08  Extractor  
Show
View Real Time Build Order
Export as new Build Order

BlacKHolE Protoss 

Build Orders: Oracle Opening 

Get SALT Encoding   

  12  0:00  Probe (Chrono Boost)  
  13  0:11  Probe (Chrono Boost)  
  14  0:19  Pylon  
  14  0:23  Probe (Chrono Boost)  
  15  0:37  Probe (Chrono Boost)  
  15  0:40  Gateway  
  16  0:47  Probe (Chrono Boost)  
  16  0:49  Assimilator  
  17  0:54  Assimilator  
  17  0:57  Probe (Chrono Boost)  
  18  1:08  Probe (Chrono Boost)  
  19  1:18  Probe (Chrono Boost)  
  20  1:28  Probe (Chrono Boost)  
  20  1:31  Pylon  
  21  1:38  Probe (Chrono Boost)  
  22  1:48  Probe (Chrono Boost)  
  22  1:51  Cybernetics Core  
  23  1:58  Probe (Chrono Boost)  
  24  2:08  Probe (Chrono Boost)  
  25  2:19  Probe (Chrono Boost)  
  26  2:32  Probe (Chrono Boost), Zealot (Chrono Boost)  
  26  2:33  Pylon  
  28  2:52  Stargate  
  28  2:57  Zealot (Chrono Boost)  
  30  3:06  Probe  
  31  3:14  Nexus  
  31  3:19  Zealot (Chrono Boost)  
  30  3:32  Probe, Oracle (Chrono Boost)  
  34  3:44  Probe  
  35  3:54  Warp Gate (Chrono Boost)  
  35  3:56  Probe  
  35  4:00  Oracle  
  39  4:30  Probe  
  40  4:32  Probe  
  41  4:47  Probe  
  41  4:48  Pylon  
  41  4:49  Probe  
  43  4:57  Probe  
  44  5:01  Probe, Gateway  
  44  5:02  Gateway  
  44  5:03  Gateway  
  44  5:06  Gateway  
  45  5:13  Probe  
  47  5:15  Mothership Core  
  48  5:25  Probe  
  49  5:50  Assimilator x2  
  49  5:51  Probe  
  49  5:53  Probe  
  51  6:02  Robotics Facility  
  51  6:08  Stalker  
  53  6:13  Stalker  
  54  6:54  Probe  
  54  7:04  Pylon  
  54  7:05  Pylon  
  54  7:09  Pylon  
  54  7:18  Pylon  
  54  7:19  Probe, Nexus  
  54  7:21  Immortal (Chrono Boost)  
  54  7:22  Probe  
  57  7:37  Probe  
  57  7:39  Probe  
  59  7:49  Sentry x2  
  59  7:50  Sentry x3  
  69  8:04  Probe  
  69  8:06  Probe, Robotics Bay  
  71  8:14  Stalker x5  
  71  8:16  Probe  
  71  8:18  Probe  
  83  8:26  Probe  
  83  8:27  Pylon x2  
  83  8:30  Immortal (Chrono Boost)  
  83  8:34  Pylon x2  
  88  8:36  Pylon  
  88  8:39  Forge  
  88  8:40  Forge  
  88  8:43  Zealot x2  
  88  8:44  Zealot x3  
  98  8:59  Probe x2  
  98  9:01  Probe  
  98  9:04  Assimilator  
  98  9:05  Assimilator  
  68  9:30  Zealot x2  
  68  9:31  Zealot x3  
  38  9:52  Disruptor (Chrono Boost)  
  35  9:58  Stalker x2  
  35  9:59  Stalker x3  
Tags
 
Add a new tag
Caveats
  • Supply blocks, unpowered buildings, or Contaminate may cause inaccurate times.
  • Supply counts are checked every 10 seconds.